 Dungeon Crawl Stone Soup version 0.30.0-15-g856e2d3f33 (webtiles) character file.

Game seed: 11728909765056577090

63 SnakkuSnakku7 the Chopper (level 4, -2/37 (41) HPs)
             Began as a Hill Orc Chaos Knight on May 19, 2023.
             Slain by a sixfirhy (11 damage)
             ... summoned by Xom
             ... on level 2 of the Dungeon.
             The game lasted 00:02:28 (1572 turns).

SnakkuSnakku7 the Chopper (Hill Orc Chaos Knight)   Turns: 1572, Time: 00:02:28

HP:   -2/37 (41)    AC: 14    Str: 16      XL:     4   Next: 10%
MP:   4/4           EV: 11    Int: 10 (12) God:
Gold: 119           SH:  0    Dex: 10      Spells: 3/3 levels left

rFire   . . .        a - +0 hand axe (chaos)
rCold   . . .        (no shield)
rNeg    . . .        b - +3 leather armour
rPois   .            (no helmet)
rElec   .            (no cloak)
rCorr   .            (no gloves)
SInv    .            (no boots)
Will    .....        (no amulet)
Stlth   +            h - +4 ring of protection
HPRegen 0.26/turn    n - +4 ring of protection
MPRegen 0.09/turn

%: no passive effects
@: drained
A: no striking features
a: no special abilities


You were on level 2 of the Dungeon.
You visited 1 branch of the dungeon, and saw 3 of its levels.

You collected 119 gold pieces.

Inventory:

Hand Weapons
 a - a +0 hand axe of chaos (weapon)
Armour
 b - a +3 leather armour (worn)
Jewellery
 h - a +4 ring of protection (left hand)
 i - a ring of poison resistance
 n - a +4 ring of protection (right hand)
Scrolls
 e - a scroll of fog
 g - a scroll of enchant armour
Potions
 f - a potion of mutation {unknown}
 j - a potion of curing {unknown}
 k - a potion of heal wounds {unknown}
Miscellaneous
 c - a piece from Xom's chessboard (14/15) (quivered)


   Skills:
 + Level 4.8 Fighting
 + Level 5.3 Axes
 - Level 2.1 Armour
 - Level 0.7 Dodging


You had 3 spell levels left.
You didn't know any spells.
Your spell library contained the following spells:

 Spells                   Type           Power      Damage    Failure   Level
 Shock                    Conj/Air       0%         1d3       43%         1
 Summon Small Mammal      Summ           0%         N/A       43%         1
 Call Canine Familiar     Summ           0%         N/A       80%         3
 Summon Guardian Golem    Hex/Summ       0%         N/A       80%         3
 Swiftness                Air            0%         N/A       80%         3
 Airstrike                Air            0%         2d(0-16)  99%         4


Dungeon Overview and Level Annotations

Branches:
Dungeon (3/15)

Altars:


Message History

The crimson imp attacks as you move away!
The crimson imp barely misses you.
The sixfirhy hits you but does no damage.
The sixfirhy barely misses you.
The sixfirhy hits you but does no damage.
Something barely misses your ball python.
Unknown command.
As you read the scroll labelled FAPSYJ RIVA, it crumbles to dust.
You assume a fearsome visage.
The quasit looks frightened!
The crimson imp resists with some effort.
The sixfirhy easily resists.
It was a scroll of fear.
The sixfirhy barely misses you.
The sixfirhy hits you but does no damage.
Your ball python bites the quasit.
Your ball python completely misses the quasit.
Your dart slug misses the sixfirhy.
Something hits your ball python!
Your ball python dies!
Your ball python's corpse dissolves into shadows!
The crimson imp hits you but does no damage.
Your dart slug closely misses the sixfirhy.
The crimson imp blinks!
Unknown command.
Okay, then.
The sixfirhy hits your goblin!
Your goblin dies!
Your goblin's corpse dissolves into shadows!
The sixfirhy hits you but does no damage.
The sixfirhy barely misses you.
The crimson imp blinks!
The sixfirhy attacks as you move away! The sixfirhy hits you!
The sixfirhy shocks you!
* * * LOW HITPOINT WARNING * * *
The sixfirhy hits you but does no damage.
Okay, then.
You make a move on Xom's chessboard...
The crimson imp easily resists.
Unknown command.
Unknown command.
Unknown command.
The sixfirhy hits you!
You die... "Huh?
Did I miss anything?"

#.#..÷###.#############
#.#.#..##<..........)..
#.#.##.################
#.#...............#.###
#.#####..########.#...#
#.# #.............#.#.#
#.###'###..########.#.#
#......###...# #.#.#
#.....@#####.######.#.#
#......3..4.........#.#
#.###.....5....######.#
#...'....w5...........#
#####.......§§§.§§#####
######........§§§§§# #
#.............§§§§§# #
#............5.###5#####
#..............###.4..##


You could see a rust devil (summoned), a sixfirhy (summoned, ally target), a
crimson imp (summoned), 2 white imps and a friendly dart slug (summoned).

Vanquished Creatures
  2 adders (D:2)
  A worm (D:2)
  A dart slug (D:1)
  3 orcs
  4 ball pythons
  2 endoplasms (D:1)
  2 giant cockroaches
  3 goblins
  2 hobgoblins (D:2)
  4 kobolds
  4 quokkas
  2 bats (D:1)
  4 frilled lizards (D:1)
  2 rats
36 creatures vanquished.

Notes
Turn   | Place    | Note
-------+----------+-------------------------------------------
     0 | D:1      | SnakkuSnakku7 the Hill Orc Chaos Knight began the quest for
                  | the Orb.
     0 | D:1      | Reached XP level 1. HP: 19/19 MP: 1/1
     0 | D:1      | Fell from the grace of Xom
    49 | D:1      | XOM: torment (11/20 hp)
   156 | D:1      | Reached XP level 2. HP: 24/27 MP: 2/2
   586 | D:1      | XOM: stat loss: -3 Int (9/12)
   858 | D:2      | Reached XP level 3. HP: 34/34 MP: 3/3
   960 | D:2      | XOM: scenery: summon butterflies
   981 | D:2      | Reached skill level 5 in Axes
  1345 | D:2      | XOM: draining
  1536 | D:3      | Reached XP level 4. HP: 35/36 MP: 4/4
  1555 | D:2      | XOM: summons 6 hostile demons
  1556 | D:2      | Noticed a rust devil
  1556 | D:2      | Noticed a sixfirhy
  1572 | D:2      | Slain by a sixfirhy

Illustrated notes

Levels and vault maps discovered:
D:1:      dpeg_arrival_rooms_with_view, layout_loops_corners,
          hangedman_decor_diamond_cutter, minmay_misc_feat_iff
D:2:      layout_basic, minmay_misc_feat_plants
D:3:      layout_rooms, shapermc_ecumenical_altar_mp_urbaneastern,
          hangedman_decor_clover_reticule, minmay_misc_feat_square,
          kennysheep_generic_room_4

Skill      XL: |  1  2  3 |
---------------+----------+-----
Fighting       | 4 |  4.8
Axes           | 5 |  5.3
Armour         | |  2.1
Dodging        | |  0.7

Action                     |  1- 3 |  4- 6 || total
---------------------------+-------+-------++-------
  Melee: Hand axe          |    93 |     6 ||    99
 Invoke: Renounce Religion |     1 |       ||     1
  Evoke: Piece from Xom's  |       |     1 ||     1
    Use: Scroll            |       |     5 ||     5
   Stab: Confused          |     1 |       ||     1
         Sleeping          |     1 |       ||     1
         Paralysed         |     1 |       ||     1
 Armour: Leather armour    |    29 |    22 ||    51
  Dodge: Dodged            |    61 |    26 ||    87
